AoeStats
← Lord_Wilfredo

Arena

508568266Analyzed
4v4 RM · 10d ago on Sep 23, 2026· 51m 43s· 8 players
Game mode
Random Map
Map size
Large (8 player)
Population
200
Speed
Normal
Resources
Standard
Victory
Conquest
Starting age
Dark Age
Ending age
Imperial Age
RankedLock teamsTeams togetherTeam positionsShared explorationLock speedFull tech treeHidden civsTurbo modeCheats
Victory
Defeat
🇦🇷 Spanish · Argentina
1339
+14
🇺🇸 Hindustanis · United States
1279
+16
🇦🇷 Muisca · Argentina
1267
+16
🇨🇦 Poles · Canada
1247
+17
🇨🇱 Lithuanians · Chile
1317
-17
🇨🇳 Wei · China
1312
-17
🇨🇳 Franks · China
1307
-17
🇨🇳 Saxons · China
1180
-12
DUDA
10:22 Feudal Age
14:19 Castle Age
12:14 Double-Bit Axe
13:39 Horse Collar
15:50 Bow Saw
17:16 Fervor
20:55 Heavy Plow
22:45 Town Watch
23:39 Wheelbarrow
23:36 Forging
24:54 Hand Cart
25:03 Husbandry
25:13 Bloodlines
25:43 Gold Mining
29:22 Imperial Age
27:12 Scale Barding Armor
27:43 Iron Casting
28:20 Gold Shaft Mining
29:15 Chain Barding Armor
29:05 Stone Mining
29:13 Town Watch
29:42 Heavy Camel Rider
31:27 Blast Furnace
33:00 Plate Barding Armor
33:28 Chemistry
32:04 Imperial Camel Rider
36:29 Two-Man Saw
36:57 Ballistics
36:43 Siege Engineers
36:49 Masonry
36:32 Fletching
36:43 Padded Archer Armor
37:16 Conscription
38:33 Leather Archer Armor
38:14 Bodkin Arrow
37:56 Light Cavalry
39:18 Hussar
44:51 Shatagni
Vaod1
9:44 Feudal Age
10:05 Horse Collar
10:11 Double-Bit Axe
18:19 Castle Age
16:14 Stone Mining
18:09 Loom
19:48 Wheelbarrow
20:53 Bow Saw
22:44 Szlachta Privileges
23:23 Bloodlines
24:29 Scale Barding Armor
25:50 Forging
25:44 Husbandry
28:23 Stone Shaft Mining
27:39 Gold Mining
29:42 Iron Casting
31:57 Hand Cart
31:51 Heavy Plow
33:17 Fletching
33:47 Chain Barding Armor
34:10 Bodkin Arrow
37:55 Imperial Age
37:57 Cavalier
39:39 Blast Furnace
40:59 Crop Rotation
41:05 Conscription
43:27 Scale Mail Armor
43:28 Bracer
43:41 Masonry
43:53 Ballistics
44:33 Chemistry
46:52 Squires
47:10 Chain Mail Armor
48:39 Plate Mail Armor
47:51 Light Cavalry
50:04 Caravan
50:12 Winged Hussar
seba_aof
11:45 Feudal Age
15:27 Castle Age
13:32 Double-Bit Axe
14:05 Horse Collar
21:24 Fletching
23:17 Heavy Plow
26:42 Wheelbarrow
25:54 Loom
26:24 Bow Saw
26:04 Stone Mining
26:24 Town Watch
27:38 Bodkin Arrow
33:07 Imperial Age
30:43 Padded Archer Armor
31:51 Leather Archer Armor
32:27 Scale Mail Armor
33:16 Forging
33:00 Gold Mining
33:21 Squires
32:58 Pikeman
34:04 Chain Mail Armor
33:56 Capped Ram
35:46 Plate Mail Armor
35:21 Elite Temple Guard
37:06 Conscription
39:17 Iron Casting
39:06 Masonry
40:00 Chemistry
39:50 Bracer
40:58 Siege Engineers
41:15 Ballistics
44:25 Treadmill Crane
46:11 Hoardings
Lord_Wilfredo
10:55 Feudal Age
12:02 Loom
15:21 Castle Age
14:00 Double-Bit Axe
14:37 Horse Collar
16:16 Bow Saw
27:55 Imperial Age
26:19 Wheelbarrow
25:57 Padded Archer Armor
26:45 Ballistics
26:15 Town Watch
26:21 Town Watch
26:16 Elite Skirmisher
26:51 Fletching
27:16 Leather Archer Armor
27:45 Bloodlines
28:59 Conscription
29:43 Chemistry
28:09 Cavalier
29:51 Bodkin Arrow
30:27 Gold Mining
34:28 Ring Archer Armor
34:09 Bracer
34:14 Scale Barding Armor
34:21 Forging
34:11 Scale Mail Armor
35:36 Husbandry
36:37 Bombard Tower
38:40 Two-Man Saw
40:08 Chain Barding Armor
40:24 Iron Casting
40:02 Pikeman
40:43 Squires
40:28 Gambesons
40:29 Arson
41:01 Chain Mail Armor
41:16 Thumb Ring
40:52 Halberdier
42:07 Stone Mining
43:44 Plate Mail Armor
44:11 Stone Shaft Mining
48:04 Blast Furnace
46:27 Light Cavalry
49:55 Hand Cart
49:15 Capped Ram
阿酷丶
11:02 Feudal Age
9:18 Loom
15:22 Castle Age
14:14 Double-Bit Axe
15:35 Wheelbarrow
16:42 Bow Saw
25:45 Gold Mining
29:06 Imperial Age
26:51 Hand Cart
28:03 Gold Shaft Mining
27:35 Scale Barding Armor
27:41 Forging
28:27 Husbandry
28:54 Husbandry
29:26 Chain Barding Armor
29:43 Iron Casting
29:14 Cavalier
30:51 Plate Barding Armor
31:27 Conscription
31:16 Paladin
36:09 Chemistry
34:50 Treadmill Crane
34:56 Capped Ram
39:30 Stone Mining
40:53 Squires
40:39 Gambesons
40:30 Pikeman
42:48 Halberdier
43:14 Arson
44:30 Blast Furnace
43:32 Scale Mail Armor
50:20 Fortified Wall
50:31 Ballistics
50:07 Murder Holes
semarch98
10:50 Feudal Age
14:25 Castle Age
12:41 Double-Bit Axe
12:40 Horse Collar
16:24 Wheelbarrow
16:37 Bow Saw
17:23 Heavy Plow
21:34 Gold Mining
24:50 Stone Mining
25:35 Fortified Wall
28:15 Imperial Age
26:34 Loom
27:32 Hand Cart
28:22 Town Watch
28:50 Scale Barding Armor
28:34 Cavalier
30:24 Chemistry
29:06 Treadmill Crane
29:55 Chain Barding Armor
29:45 Forging
30:19 Town Patrol
30:19 Pikeman
31:00 Squires
31:13 Bloodlines
31:04 Husbandry
30:25 Light Cavalry
31:21 Halberdier
32:07 Scale Mail Armor
32:43 Iron Casting
34:25 Chain Mail Armor
35:44 Plate Barding Armor
35:59 Paladin
37:51 Arson
39:39 Fletching
44:53 Winged Hussar
电风扇
9:57 Feudal Age
13:48 Castle Age
12:13 Stone Mining
12:39 Double-Bit Axe
14:39 Horse Collar
17:58 Wheelbarrow
18:22 Bow Saw
21:38 Town Watch
22:49 Heavy Plow
24:05 Gold Mining
30:44 Imperial Age
29:20 Gold Shaft Mining
29:41 Hand Cart
29:12 Loom
29:32 Fletching
30:03 Ballistics
29:39 Town Watch
30:06 Scale Mail Armor
30:15 Bodkin Arrow
31:20 Chain Mail Armor
30:39 Elite Skirmisher
31:56 Bracer
32:31 Conscription
32:39 Conscription
33:20 Two-Man Saw
32:43 Redemption
33:45 Plate Mail Armor
34:17 Chemistry
33:41 Redemption
33:47 Block Printing
33:57 Illumination
33:53 Sanctity
34:30 Theocracy
34:37 Murder Holes
35:00 Treadmill Crane
35:25 Siege Engineers
35:30 Masonry
36:41 Masonry
37:09 Forging
37:01 Padded Archer Armor
38:24 Leather Archer Armor
38:44 Iron Casting
39:20 Architecture
39:21 Crop Rotation
39:37 Ring Archer Armor
39:21 Guilds
39:41 Coinage
38:43 Capped Ram
38:56 Clerical Recruitment
40:09 Arrowslits
40:14 Guard Tower
40:44 Guard Tower
41:07 Fortified Wall
42:45 Keep
42:43 Pikeman
43:24 Squires
44:11 Hoardings
44:38 Halberdier
47:38 Banking
48:08 Shield Wall
49:46 Siege Ram
轻绘梨花泪满衣
10:34 Feudal Age
14:38 Castle Age
13:35 Double-Bit Axe
13:31 Horse Collar
23:51 Bow Saw
23:58 Heavy Plow
25:02 Gold Mining
25:03 Stone Mining
25:48 Fortified Wall
33:56 Imperial Age
32:48 Wheelbarrow
31:58 Town Watch
31:59 Loom
32:45 Husbandry
34:41 Gold Shaft Mining
34:49 Hand Cart
34:35 Town Patrol
34:23 Treadmill Crane
35:06 Thumb Ring
34:55 Fletching
35:49 Parthian Tactics
36:16 Stone Shaft Mining
36:16 Crop Rotation
36:07 Bodkin Arrow
37:24 Chemistry
36:57 Conscription
36:39 Tuntian
37:20 Bloodlines
37:29 Bracer
37:29 Padded Archer Armor
37:51 Ballistics
37:56 Heavy Hei Guang Cavalry
39:03 Ming Guang Armor
39:52 Masonry
41:00 Leather Archer Armor
40:56 Forging
40:52 Scale Barding Armor
42:25 Ring Archer Armor
43:27 Scale Barding Armor
43:57 Iron Casting
44:51 Coinage
44:21 Caravan
49:27 Hoardings
Connection lost

Rejoining the realm…

Still unreachable

The connection could not be restored.

Session expired

The server has moved on; the page needs a fresh start.